Map: Automaton LE

Players

Lambo - Winner!

  • Race: Zerg Zerg
  • Spawn Location: 3:00

Has

  • Race: Protoss Protoss
  • League: Diamond
  • Spawn Location: 9:00

Event: 2019 WCS Spring

VOD

Have the link to the VOD?

Description

Time

  • Played on: May 18, 2019, 7:46 a.m.
  • Length: 9:58

All games in this series

Show
View Real Time Build Order
Export as new Build Order

Lambo Zerg - Winner!

Build Orders: Hatch First 

Get SALT Encoding   

  12  0:01  Drone  
  13  0:13  Overlord  
  13  0:17  Drone  
  14  0:32  Drone x2  
  16  0:49  Hatchery  
  15  0:52  Drone  
  15  0:56  Drone  
  17  0:59  Drone  
  18  1:10  Extractor  
  17  1:15  Spawning Pool  
  17  1:18  Drone  
  17  1:22  Drone  
  18  1:31  Drone  
  19  1:39  Drone  
  20  1:51  Drone  
  21  2:01  Queen x2  
  21  2:02  Overlord, Drone  
  26  2:14  Zergling x4  
  26  2:15  Metabolic Boost  
  28  2:24  Drone x2  
  30  2:38  Drone  
  30  2:40  Hatchery  
  30  2:41  Drone  
  31  2:46  Drone  
  31  2:50  Overlord  
  32  2:55  Drone  
  33  2:59  Queen  
  33  3:01  Drone  
  36  3:11  Spore Crawler  
  35  3:12  Drone  
  35  3:13  Drone x2  
  35  3:14  Drone  
  38  3:20  Overlord, Drone  
  38  3:25  Drone  
  38  3:26  Spore Crawler  
  39  3:28  Drone x2  
  39  3:32  Drone  
  42  3:37  Lair  
  42  3:44  Spore Crawler, Queen  
  42  3:47  Drone x2  
  45  3:52  Drone x2  
  47  3:56  Roach Warren  
  47  3:59  Extractor  
  47  4:00  Zergling x2  
  47  4:01  Zergling x2  
  47  4:05  Zergling x4  
  49  4:11  Zergling x6  
  49  4:15  Overlord, Zergling x2  
  53  4:19  Zergling x4  
  53  4:22  Overlord  
  55  4:24  Overlord  
  55  4:27  Zergling x2  
  55  4:29  Overlord  
  56  4:33  Overlord  
  55  4:39  Drone x2  
  55  4:41  Drone  
  55  4:42  Overseer  
  58  4:48  Drone x5  
  63  4:56  Roach  
  63  4:57  Roach x2  
  68  5:00  Roach  
  68  5:04  Drone x2  
  68  5:06  Extractor  
  71  5:07  Evolution Chamber  
  70  5:15  Roach x2  
  70  5:18  Roach x2  
  70  5:19  Drone x3  
  81  5:26  Drone x2  
  83  5:29  Drone x2  
  83  5:33  Drone  
  85  5:38  Drone x2  
  85  5:42  Drone x2  
  89  5:45  Drone  
  89  5:46  Overlord, Zerg Missile Weapons Level 1  
  91  5:50  Roach x4  
  91  5:55  Overlord  
  96  5:57  Drone  
  96  5:59  Glial Reconstitution, Extractor  
  96  6:00  Extractor  
  96  6:01  Overlord  
  96  6:04  Roach  
  97  6:06  Overlord  
  97  6:07  Drone x3  
  100  6:11  Baneling Nest  
  100  6:13  Roach  
  101  6:19  Overlord  
  101  6:20  Overseer  
  101  6:21  Drone  
  101  6:23  Roach  
  104  6:29  Roach  
  104  6:30  Roach  
  106  6:35  Roach x3  
  106  6:37  Drone x4  
  114  6:46  Drone  
  115  6:49  Overlord  
  115  6:52  Hatchery, Roach x4  
  122  6:57  Roach x3  
  128  7:03  Centrifical Hooks  
  128  7:08  Overlord  
  128  7:10  Roach x4  
  136  7:16  Roach x3  
  142  7:22  Overlord  
  142  7:23  Overlord x2  
  142  7:28  Overlord  
  142  7:32  Roach x2  
  142  7:33  Overlord  
  146  7:37  Overlord  
  146  7:38  Overlord  
  146  7:43  Roach x6  
  158  7:46  Zergling x6  
  158  7:47  Ravager x2  
  158  7:51  Zergling x4  
  165  7:54  Zergling x8  
  169  8:01  Zergling x4  
  169  8:04  Zergling x4  
  173  8:06  Ravager  
  173  8:11  Roach x4  
  173  8:12  Zergling x6  
  184  8:18  Baneling  
  184  8:19  Baneling x14  
  182  8:20  Zergling x4  
  182  8:23  Zergling x6  
  182  8:26  Baneling x3  
  187  8:27  Zergling x4  
  187  8:30  Zergling x6  
  187  8:33  Baneling x4  
  192  8:36  Zergling x6  
  192  8:39  Baneling x4  
  195  8:43  Zergling x2  
  195  8:44  Zergling x6  
  195  8:48  Roach  
  198  8:55  Zergling x2  
  199  8:57  Overseer  
  199  9:02  Overlord  
  197  9:07  Zergling x8  
  197  9:09  Baneling x13  
  194  9:18  Zergling x18  
  194  9:23  Roach x2  
  182  9:24  Overseer  
  182  9:28  Roach  
  182  9:29  Roach x2  
  164  9:31  Roach  
  164  9:33  Roach, Zergling x2  
  164  9:34  Zergling x2  
  162  9:39  Roach  
  162  9:42  Overseer  
Show
View Real Time Build Order
Export as new Build Order

Has Protoss 

Build Orders: 1 Gate Expand, Archon Immortal, Archon Drop, Dark Templar Rush 

Get SALT Encoding   

  12  0:00  Probe  
  13  0:12  Probe  
  14  0:19  Pylon  
  14  0:24  Probe  
  15  0:28  Assimilator  
  15  0:33  Probe  
  15  0:41  Probe  
  16  0:48  Gateway  
  17  0:52  Probe  
  18  1:00  Probe  
  18  1:09  Probe  
  20  1:25  Nexus  
  20  1:35  Cybernetics Core  
  20  1:37  Probe  
  21  1:44  Assimilator  
  21  1:50  Pylon  
  21  1:53  Probe  
  22  2:01  Adept  
  22  2:06  Probe  
  23  2:11  Warp Gate  
  25  2:18  Probe  
  25  2:20  Twilight Council  
  26  2:30  Probe  
  26  2:34  Robotics Facility  
  27  2:41  Adept  
  27  2:43  Probe  
  30  2:46  Probe  
  31  2:55  Probe  
  32  2:58  Probe  
  33  3:07  Probe  
  33  3:08  Dark Shrine  
  35  3:19  Warp Prism  
  34  3:22  Gateway  
  34  3:24  Gateway  
  34  3:25  Probe  
  34  3:33  Probe  
  36  3:37  Probe  
  37  3:45  Probe  
  37  3:48  Observer  
  38  3:49  Probe, Pylon  
  38  3:50  Assimilator  
  40  3:57  Probe  
  40  3:58  Assimilator  
  40  4:01  Probe  
  42  4:09  Probe  
  43  4:11  Forge  
  43  4:14  Probe  
  44  4:21  Probe  
  44  4:24  Dark Templar x2  
  49  4:25  Dark Templar  
  49  4:26  Probe  
  52  4:33  Probe  
  54  4:45  Probe  
  54  4:47  Pylon  
  54  4:50  Protoss Ground Weapons Level 1  
  54  5:05  Probe x2  
  56  5:09  Immortal  
  56  5:10  Charge  
  56  5:12  Pylon  
  60  5:16  Nexus  
  60  5:18  Pylon  
  61  5:22  Sentry  
  61  5:29  Probe  
  61  5:31  Probe  
  62  5:41  Dark Templar, Probe  
  63  5:43  Probe  
  63  5:44  Shield Battery  
  63  5:47  Stalker  
  66  5:53  Probe  
  66  5:55  Probe  
  67  5:59  Pylon  
  67  6:05  Probe, Pylon  
  67  6:06  Archon  
  67  6:07  Probe, Archon  
  67  6:10  Sentry x2  
  73  6:19  Gateway x2  
  73  6:28  Probe x2  
  73  6:30  Immortal  
  73  6:33  Probe  
  73  6:34  Protoss Ground Weapons Level 2  
  73  6:43  Probe x2  
  79  6:47  Probe  
  80  6:55  Probe  
  80  7:00  Immortal, Pylon  
  82  7:03  Gateway  
  82  7:04  Gateway  
  81  7:15  Probe x3  
  88  7:28  Gateway  
  88  7:30  Pylon  
  88  7:32  Pylon  
  88  7:34  Immortal  
  88  7:36  Dark Templar x4  
  100  7:47  Archon  
  100  7:48  Archon  
  100  7:52  Shield Battery  
  100  7:54  Pylon  
  100  7:57  Photon Cannon  
  100  8:04  Zealot  
  102  8:08  Zealot x2  
  106  8:19  Dark Templar x2  
  114  8:26  Zealot, Immortal, Dark Templar x2  
  114  8:27  Zealot  
  122  8:34  Dark Templar  
  122  8:35  Dark Templar  
  122  8:38  Pylon  
  122  8:39  Archon  
  123  8:57  Probe  
  123  8:58  Probe x2  
  126  9:04  Archon  
  126  9:05  Dark Templar x2  
  126  9:06  Zealot x4  
  126  9:09  Probe  
  139  9:10  Probe x2  
  139  9:12  Assimilator  
  139  9:15  Photon Cannon  
  139  9:16  Archon  
  139  9:20  Pylon  
  139  9:21  Pylon  
  139  9:22  Probe  
  90  9:37  Zealot x4  
  88  9:43  Zealot, Sentry x3  
  72  9:46  Probe x3  
Tags
 
Add a new tag
Caveats
  • Supply blocks, unpowered buildings, or Contaminate may cause inaccurate times.
  • Supply counts are checked every 10 seconds.